 Dungeon Crawl Stone Soup version 0.25.1-1-g288607f5aa (webtiles) character file.

Game seed: 7347249788896027815

163 Kold the Cudgeler (level 5, -4/38 HPs)
             Began as a Demonspawn Gladiator on July 23, 2020.
             Slain by a worker ant (7 damage)
             ... on level 6 of the Dungeon.
             The game lasted 00:04:12 (2769 turns).

Kold the Cudgeler (Demonspawn Gladiator)            Turns: 2769, Time: 00:04:13

Health: -4/38      AC:  4    Str: 15    XL:     5   Next: 20%
Magic:  5/5        EV: 13    Int:  9    God:
Gold:   161        SH:  0    Dex: 17    Spells: 4/4 levels left

rFire    + . .     SeeInvis .   a - +0 flail
rCold    + . .     Gourm    .   (no shield)
rNeg     . . .     Faith    .   b - +1 leather armour
rPois    +         Spirit   .   (helmet restricted)
rElec    +         Reflect  .   (no cloak)
rCorr    +         Harm     .   (no gloves)
MR       .....                  (no boots)
Stlth    ++........             (no amulet)
HPRegen  0.12/turn              (no ring)
MPRegen  0.09/turn              (no ring)

@: lethally poisoned (-4 -> -8), resistant
A: antennae 1, thin skeletal structure 1, demonic guardian 1, powered by death 1
a: no special abilities


You were on level 6 of the Dungeon.
You were not hungry.

You visited 1 branch of the dungeon, and saw 4 of its levels.

You collected 161 gold pieces.

Inventory:

Hand Weapons
 a - a +0 flail (weapon)
Missiles
 d - 3 throwing nets (quivered)
Armour
 b - a +1 leather armour (worn)
 c - a +0 helmet
Scrolls
 i - a scroll of identify
 j - a scroll of enchant weapon
 o - a scroll of random uselessness
Potions
 n - a potion of resistance
Comestibles
 f - 5 rations
 g - a chunk of flesh


   Skills:
 - Level 2.0 Fighting
 + Level 5.2 Maces & Flails
 - Level 1.7 Throwing
 - Level 3.0 Dodging


You had 4 spell levels left.
You didn't know any spells.
Your spell library was empty.

Dungeon Overview and Level Annotations

Branches:
Dungeon (3/15)

Altars:

Shops:
D:6 ?


Innate Abilities, Weirdness & Mutations

You have a pair of small antennae on your head.
You have a somewhat thin skeletal structure. (Dex +2, Stealth)
A weak demonic guardian rushes to your aid.
You regenerate a little health from kills.


Message History

Your quasit claws the ice beast but does no damage.
The worker ant bites you but does no damage.
You closely miss the worker ant.
* * * LOW HITPOINT WARNING * * *
You feel sick.
The ice beast completely misses your quasit.
Your quasit bites the ice beast.
The ice beast dies!
Your Maces & Flails skill increases to level 5!
You have reached level 5!
Your demonic ancestry asserts itself...
A wave of death washes over you. The worker ant bites you.
* * * LOW HITPOINT WARNING * * *
You swap places.
Your quasit barely misses the worker ant.
Your quasit claws the worker ant.
Your quasit closely misses the worker ant.
The worker ant bites you!
You die...

#...................#
#........÷..........#
######+####.####+##....#
....#..####+####.##....#
..#.....#...#....#.....#
..#.....#...#....#.....#
..#.....'...#....#.....#
..#.....#...'..a5#.....#
..#.....#...#...@+.....#
..#....########..###...#
..#....# #..# #...# .
#..... #.∩......# #....
#..... #.... #.......
#....... #.......


You could see a worker ant and a friendly quasit (summoned).

Vanquished Creatures
  A hound zombie (D:6)
  An ooze (D:1)
  4 worms
  2 dart slugs (D:1)
  2 leopard geckos
  A ball python (D:2)
  12 bats
  4 giant cockroaches
  4 goblins (D:2)
  3 hobgoblins
  3 jackals (D:2)
  4 kobolds
  A quokka (D:2)
  5 frilled lizards
  9 rats
56 creatures vanquished.

Vanquished Creatures (collateral kills)
  An ice beast (D:6)
1 creature vanquished.

Vanquished Creatures (others)
  A hobgoblin (D:2)
  A rat (D:2)
2 creatures vanquished.

Grand Total: 59 creatures vanquished

Notes
Turn   | Place    | Note
-------+----------+-------------------------------------------
     0 | D:1      | Kold the Demonspawn Gladiator began the quest for the Orb.
     0 | D:1      | Reached XP level 1. HP: 16/16 MP: 1/1
   189 | D:1      | Reached skill level 3 in Maces & Flails
   195 | D:1      | Gained mutation: You have a somewhat thin skeletal
                  | structure. (Dex +2, Stealth) [demonic ancestry]
   195 | D:1      | Reached XP level 2. HP: 22/22 MP: 2/2
   533 | D:1      | Gained mutation: A weak demonic guardian rushes to your
                  | aid. [demonic ancestry]
   533 | D:1      | Reached XP level 3. HP: 27/27 MP: 3/3
  1207 | D:2      | Found a faded altar of an unknown god.
  1262 | D:2      | Reached skill level 4 in Maces & Flails
  2008 | D:2      | Gained mutation: You have a pair of small antennae on your
                  | head. [demonic ancestry]
  2008 | D:2      | Reached XP level 4. HP: 19/33 MP: 4/4
  2653 | D:3      | You fall into a shaft and drop 3 floors!
  2696 | D:6      | Noticed an ice beast
  2750 | D:6      | Found Qisi's Magic Scroll Boutique.
  2751 | D:6      | Noticed an ice beast
  2768 | D:6      | Killed an ice beast
  2768 | D:6      | Reached skill level 5 in Maces & Flails
  2768 | D:6      | Gained mutation: You regenerate a little health from kills.
                  | [demonic ancestry]
  2768 | D:6      | Reached XP level 5. HP: 5/38 MP: 5/5
  2769 | D:6      | Slain by a worker ant

Illustrated notes

Levels and vault maps discovered:
D:1:      dpeg_arrival_round_c, layout_basic
D:2:      cheibrodos_old_hovel, layout_basic, chequers_ecumenical_altar_lobes,
          lemuel_flame_loot_1
D:3:      layout_basic
D:6:      layout_gridville, serial_shops, shop

Skill      XL: |  1  2  3  4 |
---------------+-------------+-----
Maces & Flails | 3 4 5 |  5.2
Dodging        | 3 |  3.0
Fighting       | |  2.0
Throwing       | |  1.7

Action                   |  1- 3 |  4- 6 || total
-------------------------+-------+-------++-------
Melee: Flail             |   127 |    47 ||   174
  Use: Scroll            |       |     8 ||     8
       Potion            |       |     2 ||     2
 Stab: Sleeping          |     6 |     2 ||     8
       Distracted        |       |     1 ||     1
  Eat: Chunk             |     3 |     3 ||     6
Armor: Leather armour    |    61 |    15 ||    76
Dodge: Dodged            |   108 |    37 ||   145
